 Dungeon Crawl Stone Soup version 0.28-a0-687-gb91baff9cc (webtiles) character file.

Game seed: 12141032106958087463

87536 ytrimaz the Tortoise (level 15, -1/159 (165) HPs)
             Began as a Minotaur Fighter on Oct 19, 2021.
             Was a High Priest of Ashenzari.
             Killed by divine providence
             ... invoked by an orc priest
              (16 damage)
             ... on level 2 of the Orcish Mines.
             The game lasted 00:48:45 (23925 turns).

ytrimaz the Tortoise (Minotaur Fighter)            Turns: 23925, Time: 00:48:46

HP:   -1/159 (165)  AC: 29    Str: 29    XL:     15   Next: 44%
MP:   15/15         EV: 23    Int:  6    God:    Ashenzari [*****.]
Gold: 731           SH:  7    Dex: 20    Spells: 15/15 levels left

rFire   + + .      SeeInvis +   C - +5 demon whip of Ashenzari's Sybil {elec, Self, Evo} (curse)
rCold   . . .      Faith    .   c - +0 buckler "Chained Sorrow" {Bglg, Fort} (curse)
rNeg    . . .      Spirit   .   s - +4 chain mail of Supernal Understanding {rF+, Bglg, Self} (curse)
rPois   .          Reflect  .   (helmet restricted)
rElec   .          Harm     .   t - +0 cloak "Bound With Me" {Self, Bglg} (curse)
rCorr   .          Rampage  .   E - +2 pair of gloves of the Mantic Yoke {Dex+3, Cun, Elem} (curse)
Will    ++...      Rage     50% I - +1 pair of boots of Ashenzari's Absolutism {Range, Cun} (curse) Stlth ..........Clarity +
                                D - necklace of Bloodlust {*Rage Will++ Int-3 Slay+6, Cun, Fort} (curse)
HPRegen 0.36/turn               d - ring of Ashenzari's Mistrust {Dex+6, Melee, Elem} (curse)
MPRegen 0.14/turn               H - ring of the Elysian Urgency {rF+ Will- Str+3 Int+2 SInv, Melee, Comp} (curse)

@: studying Dodging, lightly drained
A: horns 2, retaliatory headbutt, clever 1
a: Renounce Religion, Curse Item, Shatter the Chains


You were on level 2 of the Orcish Mines.
You worshipped Ashenzari.
Ashenzari was extremely pleased with you.
You visited 4 branches of the dungeon, and saw 20 of its levels.
You also visited: Bailey, Ice Cave and Volcano.

You collected 3028 gold pieces.
You spent 2297 gold pieces at shops.

Inventory:

Hand Weapons
 a - a +0 war axe of venom
 C - the cursed +5 demon whip of Ashenzari's Sybil (weapon) {elec, Self, Evo}
   (You found it on level 6 of the Dungeon)

   It occasionally discharges a powerful burst of electricity upon striking a
   foe.
   It has a curse which improves the following skills: Introspection: Fighting
   and Spellcasting.
   Evocations: Evocations.
 R - a +0 broad axe of freezing
 T - the +11 short sword of Ashenzari's Esteem {freeze, Int+4}
   (You found it in an ice cave)

   It freezes those it strikes, dealing additional cold damage.
   It can also slow down cold-blooded creatures.
   Int:       It affects your intelligence (+4).
Missiles
 b - 7 throwing nets (quivered)
Armour
 c - the cursed +0 buckler "Chained Sorrow" (worn) {Bglg, Fort}

   It has a curse which improves the following skills: Beguiling: Conjurations,
   Hexes and Translocations.
   Fortitude: Armour and Shields.
 s - the cursed +4 chain mail of Supernal Understanding (worn) {rF+, Bglg, Self}
   (You took it off Edmund on level 4 of the Dungeon)

   It has a curse which improves the following skills: Beguiling: Conjurations,
   Hexes and Translocations.
   Introspection: Fighting and Spellcasting.
 t - the cursed +0 cloak "Bound With Me" (worn) {Self, Bglg}
   (You found it on level 4 of the Dungeon)

   It has a curse which improves the following skills: Introspection: Fighting
   and Spellcasting.
   Beguiling: Conjurations, Hexes and Translocations.
 E - the cursed +2 pair of gloves of the Mantic Yoke (worn) {Dex+3, Cun, Elem}
   (You bought it in a shop on level 6 of the Dungeon)

   It has a curse which improves the following skills: Cunning: Dodging and
   Stealth.
   Elements:  Fire Magic, Ice Magic, Air Magic and Earth Magic.
 I - the cursed +1 pair of boots of Ashenzari's Absolutism (worn) {Range, Cun}
   (You found it on level 9 of the Dungeon)

   It has a curse which improves the following skills: Ranged Combat: Slings,
   Bows, Crossbows and Throwing.
   Cunning:   Dodging and Stealth.
 J - a +1 cloak
 U - a +2 kite shield of cold resistance
 W - the +1 plate armour of Sin {Str+6 Dex+3 Slay-6}
   (You bought it in a shop on level 6 of the Dungeon)

   Str:       It affects your strength (+6).
   Dex:       It affects your dexterity (+3).
   Slay:      It affects your accuracy & damage with ranged weapons and melee
   (-6).
 X - +0 fire dragon scales
 Y - a +1 cloak of fire resistance
Jewellery
 d - the cursed ring of Ashenzari's Mistrust (left hand) {Dex+6, Melee, Elem}
   (You found it on level 7 of the Dungeon)

   [ring of dexterity]

   Dex:       It affects your dexterity (+6).
   It has a curse which improves the following skills: Melee Combat: Short
   Blades, Long Blades, Axes, Maces & Flails, Polearms, Staves and Unarmed
   Combat.
   Elements:  Fire Magic, Ice Magic, Air Magic and Earth Magic.
 m - a ring of ice
 r - a ring of magical power
 D - the cursed necklace of Bloodlust (around neck) {*Rage Will++ Int-3 Slay+6, Cun, Fort}
   (You bought it in a shop on level 6 of the Dungeon)

   [amulet of nothing]

   It extends the wearer's berserk rage when killing foes.
   Int:       It affects your intelligence (-3).
   Slay:      It affects your accuracy & damage with ranged weapons and melee
   (+6).
   *Rage:     It berserks you when you make melee attacks (+50% chance).
   Will:      It greatly increases your willpower.
   It has a curse which improves the following skills: Cunning: Dodging and
   Stealth.
   Fortitude: Armour and Shields.
 G - a ring of flight
 H - the cursed ring of the Elysian Urgency (right hand) {rF+ Will- Str+3 Int+2 SInv, Melee, Comp}
   (You bought it in a shop on level 6 of the Dungeon)

   [ring of protection from fire]

   Str:       It affects your strength (+3).
   Int:       It affects your intelligence (+2).
   rF:        It protects you from fire.
   SInv:      It lets you see invisible.
   Will:      It decreases your willpower.
   It has a curse which improves the following skills: Melee Combat: Short
   Blades, Long Blades, Axes, Maces & Flails, Polearms, Staves and Unarmed
   Combat.
   Companions: Summonings and Necromancy.
 N - the amulet "Jiotueco" {RegenMP Fragile +Inv rN+}
   (You found it in an ice cave)

   [amulet of magic regeneration]

   It increases your rate of magic regeneration.
   rN:        It protects you from negative energy.
   +Inv:      It lets you turn invisible.
   Fragile:   It will be destroyed if unequipped.
 O - the ring "Eraonono" {Ice Dex+5}
   (You found it in an ice cave)

   [ring of ice]

   It enhances your ice magic.
   Dex:       It affects your dexterity (+5).
   rF:        It makes you vulnerable to fire.
   rC:        It protects you from cold.
 P - the amulet "Ismaop" {RegenMP Int+6}
   (You found it in an ice cave)

   [amulet of magic regeneration]

   It increases your rate of magic regeneration.
   Int:       It affects your intelligence (+6).
 Q - a ring of protection from fire
 V - a ring of fire
Wands
 p - a wand of polymorph (7)
 q - a wand of flame (46)
 x - a wand of digging (1)
 K - a wand of paralysis (18)
Scrolls
 e - 12 scrolls of teleportation
 h - a scroll of blinking
 i - 7 scrolls of magic mapping
 j - 4 scrolls of amnesia
 n - 7 scrolls of noise
 y - 2 scrolls of vulnerability
 L - a scroll of enchant armour
 M - a scroll of fog
 S - a scroll of enchant weapon
Potions
 f - 5 potions of curing
 g - 4 potions of lignification
 k - 5 potions of cancellation
 l - a potion of ambrosia
 o - 3 potions of heal wounds
 u - 3 potions of haste
 v - a potion of brilliance
 w - 5 potions of mutation
 z - 3 potions of magic
 A - 5 potions of flight
 B - 3 potions of might
 F - a potion of invisibility


   Skills:
 + Level 18.2(23.4) Fighting
 * Level 6.8(11.0) Short Blades
 - Level 11.0(16.2) Axes
 - Level 9.8(15.4) Maces & Flails
 - Level 0.2(1.0) Throwing
 + Level 18.2(22.1) Armour
 * Level 15.3(20.7) Dodging
 - Level 5.5(9.5) Shields


You had 15 spell levels left.
You didn't know any spells.
Your spell library contained the following spells:

 Spells                   Type           Power      Damage    Failure   Level
 Sandblast                Erth           0%         2d4       67%         1
 Animate Skeleton         Necr           0%         N/A       71%         1
 Pain                     Necr           0%         1d4       71%         1
 Blink                    Tloc           N/A        N/A       77%         2
 Ensorcelled Hibernation  Hex/Ice        2%         N/A       78%         2
 Corpse Rot               Necr/Air       0%         N/A       82%         2
 Passwall                 Tmut/Erth      0%         N/A       83%         2
 Poisonous Vapours        Pois/Air       0%         N/A       83%         2
 Confusing Touch          Hex            1%         N/A       94%         3
 Gell's Gravitas          Tloc           0%         N/A       94%         3
 Lesser Beckoning         Tloc           1%         N/A       94%         3
 Teleport Other           Tloc           1%         N/A       94%         3
 Tukima's Dance           Hex            1%         N/A       94%         3
 Stone Arrow              Conj/Erth      2%         3d7       95%         3
 Swiftness                Air            0%         N/A       95%         3
 Vampiric Draining        Necr           0%         2d6       97%         3
 Animate Armour           Summ/Erth      0%         N/A       100%        4
 Fulminant Prism          Conj/Hex       0%         3d6       100%        4
 Iskenderun's Mystic Bla  Conj/Tloc      1%         2d3       100%        4
 Leda's Liquefaction      Hex/Erth       0%         N/A       100%        4
 Alistair's Intoxication  Tmut/Pois      0%         N/A       100%        5
 Fireball                 Conj/Fire      0%         3d3       100%        5
 Iskenderun's Battlesphe  Conj           1%         2d6       100%        5
 Lee's Rapid Deconstruct  Erth           0%         3d5*      100%        5
 Manifold Assault         Tloc           1%         N/A       100%        5
 Summon Forest            Summ/Tloc      0%         N/A       100%        5
 Summon Mana Viper        Hex/Summ       0%         N/A       100%        5
 Conjure Ball Lightning   Conj/Air       0%         3x3d6     100%        6
 Invisibility             Hex            0%         N/A       100%        6
 Summon Cactus Giant      Summ           0%         N/A       100%        6
 Orb of Destruction       Conj           0%         N/A       100%        7
 Lehudib's Crystal Spear  Conj/Erth      0%         10d2      100%        8


Dungeon Overview and Level Annotations

Branches:
Dungeon (11/15)            Temple (1/1) D:7            Lair (6/6) D:10
  Swamp (0/4) Lair:4        Snake (0/4) Lair:3        Slime (0/5) Lair:5
    Orc (2/2) D:10            Elf (0/3) Orc:2        Bailey (visited)
  IceCv (visited)         Volcano (visited)

Altars:
Ashenzari
Cheibriados
Dithmenos
Elyvilon
Fedhas
Gozag
Hepliaklqana
Kikubaaqudgha
Makhleb
Nemelex Xobeh
Okawaru
Qazlal
Ru
Sif Muna
Trog
Uskayaw
Vehumet
Wu Jian
Xom
Yredelemnul
Zin
The Shining One
Jiyva
Lugonu

Shops:
D:4 ?   D:5 (   D:6 *=[:   Orc:2 !**=(:

Portals:
Abyss: Lair:1

Annotations:
D:4 1 runed translucent door, Crazy Yiuf
Lair:3 1 runed translucent door, Cyda Jyj's ghost, journeyman DsGl
Lair:4 3 runed translucent doors, shoop's ghost, journeyman OgHu


Innate Abilities, Weirdness & Mutations

You have a pair of horns on your head.
You reflexively headbutt those who attack you in melee.
Your mind is acute. (Int +2)


Message History

The ufetubus shouts!
The orc high priest shouts!
The orc sorcerer hits you but does no damage.
The orc priest invokes the aid of Beogh against you.
Beogh smites you!
The soul eater hits you but does no damage.
The orc knight shouts!
You hear a shout!
The orc sorcerer hits you but does no damage.
The orc high priest calls down the wrath of Beogh upon you.
Beogh smites you!
The orc priest hits you but does no damage.
The hellwing completely misses you. You block the hellwing's attack.
The soul eater draws from the surrounding life force!
You hear a shout!
You hit the orc sorcerer.
The orc sorcerer is lightly wounded.
You block the orc sorcerer's attack.
The orc high priest mumbles some strange prayers to Beogh against you.
Beogh smites you!
* * * LOW HITPOINT WARNING * * *
The orc priest hits you but does no damage.
You block the hellwing's attack. The hellwing closely misses you.
You thrash the orc sorcerer!!
Lightning courses through the orc sorcerer!
You kill the orc sorcerer!
The soul eater disappears in a puff of smoke!
The ynoxinul disappears in a puff of smoke!
The ufetubus disappears in a puff of smoke!
The hellwing disappears in a puff of smoke!
The soul eater draws from the surrounding life force!
* * * LOW HITPOINT WARNING * * *
The orc high priest mumbles some strange prayers to Beogh.
The orc sorcerer points at you and mumbles some strange words.
The bolt of negative energy hits the orc priest!!
The orc priest is drained!
The orc priest dies!
The bolt of negative energy hits you!!
You feel drained.
* * * LOW HITPOINT WARNING * * *
The orc priest mumbles some strange prayers to Beogh against you.
Beogh smites you!
You die...

...#)..## , {, *.3.###...........
)#....##,{ *{,*#.#.###..........
.....##{{*∩, {{o§o..###.........
.#).##{oo{ ∩* ,#3§...###.^......
.....##.{#∩ ..oo4o3####........
.#..).##..###..##o#o###..........
...#...##..#oo##§§.###...........
....)...##{..##.)o####...........
#..###...##.##.§@###............#
##..###...###...###.......∩.#...#
###))###...#...###.............^.
.###..###.#.#.###........^.......
..###..###...###.$....⌠.⌠........
...###.)###.###.#......∩.....#...
#...###..#####..##.#..⌠.⌠...#.#.#
.....###..# #....#.#...........##
#.#...##...# ,..#......<..#....#


You could see an orc high priest, an ice devil (summoned), a sixfirhy
(summoned), a ynoxinul (summoned), an orc sorcerer, 3 orc warriors and 2 orc
priests.

Vanquished Creatures
  An azure jelly (IceCv)
  2 quicksilver oozes (IceCv)
  A red draconian (Volcano)
  6 dire elephants (Lair:6)
  The ghost of HilariousDeathArtist the Brawler, a journeyman TrBe of Trog (Lair:5)
  Josephine (Orc:1)
  Fannar (Lair:1)
  5 hydras
  Harold (D:7)
  An ogre mage (D:10)
  Erica (D:9)
  2 two-headed ogres
  A centaur warrior (D:10)
  15 death yaks
  The ghost of pigah the Zephyrmancer, a journeyman OpWn of Sif Muna (D:10)
  Urug (Orc:1)
  A soul eater (Orc:2)
  A spectral death yak (Lair:6)
  A spectral anaconda (Lair:6)
  A salamander mystic (Volcano)
  An obsidian statue (Lair:6)
  2 orc knights
  Pikel (D:5)
  A bog body (Lair:4)
  3 necromancers (Lair:6)
  2 orc sorcerers
  16 slime creatures (IceCv)
  3 salamanders (Volcano)
  A manticore (D:11)
  3 cyclopes
  An ugly thing (D:8)
  An ice statue (IceCv)
  30 elephants
  6 molten gargoyles (Volcano)
  3 black mambas
  3 gargoyles (Volcano)
  14 cane toads
  Psyche (D:9)
  A dire elephant skeleton (Lair:6)
  15 komodo dragons
  4 entropy weaver simulacra (IceCv)
  2 rime drakes (Lair:6)
  4 trolls
  A hornet (D:10)
  Grinder (D:3)
  18 blink frogs
  4 spectral elephants (Lair:6)
  Sigmund (D:2)
  A vampire (D:9)
  A ynoxinul (Orc:2)
  40 yaks
  3 wyverns
  5 wraiths
  A basilisk (Lair:6)
  A death yak simulacrum (Lair:6)
  Menkaure (D:4)
  3 nagas (Lair:3)
  An acid dragon (D:9)
  Edmund (D:4)
  2 wargs (Orc:1)
  A demonic crawler simulacrum (IceCv)
  19 water moccasins
  Duvessa (D:5)
  23 orc warriors
  2 black bears
  A hornet zombie (D:7)
  2 necrophages
  7 ogres
  2 elephant skeletons (Lair:6)
  4 elephant zombies (Lair:6)
  3 ugly thing simulacra (IceCv)
  15 wolves
  2 centaurs
  2 lemures (D:5)
  Blork the orc (D:4)
  3 kobold brigands (D:8)
  11 bullfrogs
  2 wyvern zombies (D:6)
  4 glowing shapeshifter simulacra (IceCv)
  A gnoll sergeant (D:8)
  3 cane toad simulacra (Lair:6)
  4 scorpions
  A wyvern skeleton (D:6)
  3 elephant simulacra (Lair:6)
  Dowan (D:5)
  3 killer bees (D:8)
  3 wights (D:9)
  2 howler monkeys
  9 electric eels
  A bullfrog zombie (D:3)
  2 centaur zombies (D:10)
  7 hounds
  2 jellies
  18 orc priests
  A bullfrog skeleton (D:6)
  Jessica (D:2)
  3 iguanas
  9 orc wizards
  4 hell rats (Lair:6)
  A killer bee zombie (D:8)
  2 hound skeletons (D:4)
  A howler monkey zombie (D:6)
  3 gnolls (D:4)
  10 adders
  A howler monkey skeleton (D:3)
  2 shadow imps
  13 white imps
  An ufetubus (D:5)
  An adder skeleton (D:4)
  2 worms (D:5)
  A dart slug (D:1)
  60 orcs
  6 bats
  8 endoplasms
  6 giant cockroaches
  13 goblins
  12 hobgoblins
  2 jackals (D:1)
  11 kobolds
  2 quokkas
  5 ball pythons
  4 frilled lizards
  6 rats
  A lurking horror (Lair:1)
605 creatures vanquished.

Vanquished Creatures (others)
  An orc priest (Orc:2)
  An orc (D:10)
  34 fungi
  49 plants
  25 withered plants (Lair:6)
110 creatures vanquished.

Grand Total: 715 creatures vanquished

Notes
Turn   | Place    | Note
-------+----------+-------------------------------------------
     0 | D:1      | ytrimaz the Minotaur Fighter began the quest for the Orb.
     0 | D:1      | Reached XP level 1. HP: 19/19 MP: 0/0
   194 | D:1      | Found a faded altar of an unknown god.
   326 | D:1      | Reached XP level 2. HP: 25/27 MP: 1/1
   628 | D:1      | Reached XP level 3. HP: 30/33 MP: 2/2
  1069 | D:2      | Found an ancient bone altar of Kikubaaqudgha.
  1255 | D:2      | Noticed Sigmund
  1266 | D:2      | Reached XP level 4. HP: 21/41 MP: 3/3
  1268 | D:2      | Killed Sigmund
  1269 | D:2      | Reached skill level 5 in Axes
  1269 | D:2      | Reached skill level 5 in Armour
  1269 | D:2      | Reached XP level 5. HP: 24/47 MP: 4/4
  1478 | D:2      | Noticed Jessica
  1496 | D:2      | Killed Jessica
  1497 | D:2      | Reached XP level 6. HP: 38/55 MP: 5/5
  2074 | D:3      | Noticed Grinder
  2077 | D:3      | Paralysed by Grinder for 6 turns
  2092 | D:3      | Paralysed by Grinder for 6 turns
  2102 | D:3      | Killed Grinder
  2103 | D:3      | Reached skill level 5 in Fighting
  2319 | D:3      | Reached XP level 7. HP: 56/61 MP: 6/6
  2816 | D:4      | Noticed Edmund
  2964 | D:4      | Killed Edmund
  3545 | D:4      | Found a stormy altar of Qazlal.
  3562 | D:4      | Found Utyhaxt's Magic Scroll Shoppe.
  3642 | D:4      | Noticed Blork the orc
  3642 | D:4      | Noticed Menkaure
  3656 | D:4      | Killed Blork the orc
  3657 | D:4      | Reached XP level 8. HP: 50/71 MP: 7/7
  3659 | D:4      | Killed Menkaure
  4160 | D:4      | Found a runed translucent door.
  4161 | D:4      | Noticed Crazy Yiuf
  4213 | D:5      | Entered Level 5 of the Dungeon
  4213 | D:5      | Found Velu's Antique Weapon Shoppe.
  4428 | D:5      | Noticed Dowan
  4430 | D:5      | Noticed Duvessa
  4434 | D:5      | Killed Dowan
  4440 | D:5      | Killed Duvessa
  4718 | D:5      | Noticed Pikel
  4740 | D:5      | Killed Pikel
  4741 | D:5      | Reached skill level 10 in Axes
  4909 | D:5      | Reached XP level 9. HP: 79/79 MP: 8/8
  5521 | D:6      | Found Joeru Ipne's Book Emporium.
  5786 | D:6      | Found Quzuo's Antique Armour Shoppe.
  5848 | D:6      | Found Qaff's Jewellery Shop.
  5879 | D:6      | Found Wukeunn's General Store.
  5895 | D:6      | Identified the +2 robe "Exkaet" {Harm Int+2}
  5954 | D:6      | Reached skill level 1 in Maces & Flails
  6218 | D:6      | Bought a pair of runed gloves for 225 gold pieces
  6401 | D:7      | Found a staircase to the Ecumenical Temple.
  6432 | Temple   | Entered the Ecumenical Temple
  6597 | Temple   | Became a worshipper of Ashenzari the Shackled
  6866 | D:7      | Noticed Harold
  6894 | D:7      | Killed Harold
  7398 | D:7      | Reached XP level 10. HP: 89/89 MP: 9/9
  8256 | D:8      | Noticed a white ugly thing
  8290 | D:8      | Killed a white ugly thing
  8430 | D:9      | Found a flagged portal.
  8452 | Bailey   | Entered a bailey
  8701 | Bailey   | Reached skill level 10 in Armour
  9112 | Bailey   | Identified a scroll of acquirement
  9143 | Bailey   | Noticed an orc knight
  9143 | Bailey   | Noticed an orc knight
  9189 | D:9      | Acquired 1067 gold pieces
  9285 | D:6      | Bought the necklace of Bloodlust {*Rage Will++ Int-3
                  | Slay+6} for 595 gold pieces
  9285 | D:6      | Found the necklace of Bloodlust {*Rage Will++ Int-3 Slay+6}
  9285 | D:6      | Bought the ring "Lucsem" {rF+ Will- Str+3 Int+2 SInv} for
                  | 637 gold pieces
  9552 | D:9      | Noticed Erica
  9562 | D:9      | Killed Erica
  9711 | D:9      | Reached * piety under Ashenzari
  9975 | D:9      | Noticed Psyche
  9980 | D:9      | Killed Psyche
  9981 | D:9      | Reached skill level 1 in Dodging
 10267 | D:10     | Entered Level 10 of the Dungeon
 10299 | D:10     | Found a staircase to the Lair.
 10305 | D:10     | Reached XP level 11. HP: 97/97 MP: 10/10
 11146 | D:10     | Found a runed translucent gate.
 11147 | D:10     | Reached ** piety under Ashenzari
 11148 | D:10     | Found a runed translucent gate.
 11149 | D:10     | Found a runed translucent gate.
 11149 | D:10     | Noticed an ogre mage
 11150 | D:10     | Noticed a centaur warrior
 11150 | D:10     | Noticed pigah's ghost (journeyman OpWn)
 11300 | D:10     | Identified Sif Muna's Disquisition on Nocuous Curses
 11549 | D:10     | Found a staircase to the Orcish Mines.
 11950 | D:11     | Noticed a two-headed ogre
 11955 | D:11     | Killed a two-headed ogre
 11956 | D:11     | Reached skill level 10 in Fighting
 11992 | D:11     | Noticed a seven-headed hydra
 11996 | D:11     | Killed a seven-headed hydra
 12174 | D:11     | Identified the +7 great sword of the Crushed Brambles
                  | {vorpal, rElec rF- Dex+8 SInv}
 12567 | Lair:1   | Entered Level 1 of the Lair of Beasts
 12622 | Lair:1   | Noticed Fannar
 12626 | Lair:1   | Found a corrupted altar of Lugonu.
 12632 | Lair:1   | Found a one-way gate to the infinite horrors of the Abyss.
 12634 | Lair:1   | Killed Fannar
 12913 | Lair:1   | Reached skill level 5 in Dodging
 12918 | Lair:1   | Reached XP level 12. HP: 108/108 MP: 11/11
 12927 | Lair:1   | Reached *** piety under Ashenzari
 13226 | Lair:1   | Noticed a five-headed hydra
 13231 | Lair:1   | Killed a five-headed hydra
 13266 | Lair:1   | Reached skill level 15 in Armour
 14164 | Lair:2   | Reached **** piety under Ashenzari
 15070 | Lair:3   | Found a runed translucent door.
 15187 | Lair:3   | Found a staircase to the Snake Pit.
 15476 | Lair:3   | Noticed Cyda Jyj's ghost (journeyman DsGl)
 15588 | Lair:4   | Found a runed translucent gate.
 15589 | Lair:4   | Found a runed translucent gate.
 15589 | Lair:4   | Found a runed translucent gate.
 15590 | Lair:4   | Noticed shoop's ghost (journeyman OgHu)
 15683 | Lair:4   | Noticed a death yak
 15687 | Lair:4   | Noticed a death yak
 15688 | Lair:4   | Noticed a death yak
 15692 | Lair:4   | Noticed a death yak
 15692 | Lair:4   | Noticed a death yak
 15699 | Lair:4   | Killed a death yak
 15705 | Lair:4   | Killed a death yak
 15705 | Lair:4   | Noticed a death yak
 15735 | Lair:4   | Killed a death yak
 15740 | Lair:4   | Killed a death yak
 15741 | Lair:4   | Reached XP level 13. HP: 69/127 MP: 12/12
 16311 | Lair:4   | Found a staircase to the Swamp.
 16571 | Lair:4   | Reached ***** piety under Ashenzari
 17353 | Lair:5   | Acquired a manual of Dodging
 17376 | Lair:5   | Found a viscous altar of Jiyva.
 17377 | Lair:5   | Found a staircase to the Slime Pits.
 17410 | Lair:5   | Noticed HilariousDeathArtist's ghost (journeyman TrBe)
 17449 | Lair:5   | Found a runed translucent door.
 17480 | Lair:5   | Killed HilariousDeathArtist's ghost
 17481 | Lair:5   | Reached skill level 10 in Dodging
 17577 | Lair:5   | Gained mutation: You are clumsy. (Dex -2) [potion of
                  | mutation]
 17578 | Lair:5   | Lost mutation: You are clumsy. (Dex -2) [potion of
                  | mutation]
 17578 | Lair:5   | Gained mutation: Your mind is acute. (Int +2) [potion of
                  | mutation]
 17639 | Lair:5   | Reached skill level 15 in Fighting
 17986 | Lair:6   | Entered Level 6 of the Lair of Beasts
 18089 | Lair:6   | Found a frozen archway.
 18112 | IceCv    | Entered an ice cave
 18466 | IceCv    | Identified the +11 short sword of Ashenzari's Esteem
                  | {freeze, Int+4}
 18585 | IceCv    | Noticed a quicksilver ooze
 18589 | IceCv    | Reached XP level 14. HP: 147/147 MP: 13/13
 18591 | IceCv    | Killed a quicksilver ooze
 18602 | IceCv    | Noticed a quicksilver ooze
 18695 | IceCv    | Killed a quicksilver ooze
 18738 | IceCv    | Found a viscous altar of Jiyva.
 18738 | IceCv    | Noticed an azure jelly
 18748 | IceCv    | Killed an azure jelly
 18751 | IceCv    | Identified the amulet "Jiotueco" {RegenMP Fragile +Inv rN+}
 18753 | IceCv    | Identified the ring "Eraonono" {Ice Dex+5}
 18755 | IceCv    | Identified the amulet "Ismaop" {RegenMP Int+6}
 19609 | Lair:6   | Reached skill level 5 in Shields
 20106 | Lair:6   | Reached skill level 1 in Short Blades
 21375 | Lair:6   | Reached XP level 15. HP: 133/158 MP: 14/14
 21482 | Lair:6   | Reached skill level 5 in Short Blades
 21729 | D:10     | Killed pigah's ghost
 21873 | Orc:1    | Entered Level 1 of the Orcish Mines
 21893 | Orc:1    | Noticed Josephine
 21897 | Orc:1    | Killed Josephine
 21927 | Orc:1    | Noticed Urug
 21935 | Orc:1    | Killed Urug
 22215 | D:6      | Bought a faintly glowing plate armour for 840 gold pieces
 22215 | D:6      | Identified the +1 plate armour of Sin {Str+6 Dex+3 Slay-6}
                  | (You bought it in a shop on level 6 of the Dungeon)
 22785 | Orc:2    | Entered Level 2 of the Orcish Mines
 22832 | Orc:2    | Found Qotudou's Distillery.
 22855 | Orc:2    | Found Jirup's General Store.
 22881 | Orc:2    | Found Enoge's General Store.
 22908 | Orc:2    | Found a staircase to the Elven Halls.
 22922 | Orc:2    | Found Qyhusaha's Book Shoppe.
 22926 | Orc:2    | Found Zooshrie's Antique Weapon Boutique.
 22943 | Orc:2    | Found a dark tunnel.
 22955 | Volcano  | Entered a volcano
 23100 | Volcano  | Noticed an orb of fire
 23149 | Volcano  | Reached skill level 15 in Dodging
 23209 | Volcano  | Noticed an orb of fire
 23810 | Orc:2    | Found Vosidgh's Jewellery Shop.
 23925 | Orc:2    | Killed from afar by an orc priest

Illustrated notes

Levels and vault maps discovered:
D:1:      lightli_arrival_flooded_house, layout_loops_ring,
          hellmonk_ecumenical_altar_slurped_away
D:2:      layout_rooms, basic_altar, uniq_sigmund, uniq_jessica
D:3:      layout_loops_ring, uniq_grinder
D:4:      layout_basic, grunt_qazlal_sundering, serial_shops, shop, uniq_edmund,
          uniq_crazy_yiuf_cottage, uniq_blork_the_orc, uniq_menkaure
D:5:      layout_cave_pods, cheibrodos_sewer_entry_bend, serial_shops, shop,
          uniq_pikel, uniq_duvessa
D:6:      layout_basic, serial_shops, shop, nicolae_stop_n_shop_2,
          nicolae_square_shop, nicolae_inconvenience_store,
          corexii_item_surrounded_by_moat
D:7:      layout_loops_ring, minmay_temple_entry_offerings, uniq_harold
D:8:      minmay_chambers_of_fours, layout_basic
D:9:      layout_gridville, enter_bailey_5, uniq_erica, uniq_psyche
D:10:     layout_irregular_city, erik_lair_island, gammafunk_ghost_split,
          grunt_decor_clamped, kennysheep_generic_room_6
D:11:     layout_layer_cave, okawaru_ov_weapons_minmay
Temple:   compressed_dpeg_triangle_lava_temple
Lair:1:   layout_roguey, minivault_19, amcnicky_altar_lugonu_corruption,
          grunt_megastairs_5, uniq_fannar
Lair:2:   layout_chaotic_city
Lair:3:   layout_cellular_growth, guppyfry_snake_entry_garden,
          ebering_ghost_reflecting_pool, serial_bayou_lagoon_b
Lair:4:   layout_hall_layers, skrybe_swamp_entry_bodies,
          ebering_ghost_rock_garden, lookout_lair_type, patterned_corridor
Lair:5:   layout_hall_layers, slime_altar_1, hellmonk_ghost_happy_afterlife,
          grunt_megastairs_1
Lair:6:   due_jungle_book, layout_long_grid, portal_ice_cave_entry_imps,
          infiniplex_staircase_pool_2, serial_bayou_shore_a,
          serial_bayou_shore_b, grunt_megastairs_2
Orc:1:    layout_diamond_mine, uniq_josephine, uniq_urug
Orc:2:    pf_orc_diabolical, layout_caves, enter_volcano_2, serial_shops, shop,
          shop_fountains, shop, nicolae_orc_sculptors_studio

Skill      XL: |  1  2  3  4  5  6  7  8  9 10 11 12 13 14 15 |
---------------+----------------------------------------------+-----
Shields        | 4 5 |  5.5
Armour         | 4 5 6 8 9 11 14 16 17 18 | 18.2
Fighting       | 4 5 6 7 8 9 10 13 15 17 18 | 18.2
Axes           | 3 5 6 8 10 11 | 11.0
Maces & Flails | 6 9 |  9.8
Dodging        | 2 5 8 11 14 15 | 15.3
Short Blades   | 4 6 |  6.8
Throwing       | |  0.2

Action                   |  1- 3 |  4- 6 |  7- 9 | 10-12 | 13-15 || total
-------------------------+-------+-------+-------+-------+-------++-------
Melee: War axe           |    75 |    53 |   206 |    13 |       ||   347
       Headbutt          |     6 |     7 |    69 |   122 |   307 ||   511
       Demon whip        |       |       |    68 |   376 |   661 ||  1105
       Short sword       |       |       |       |       |    81 ||    81
Throw: Throwing net      |       |       |     1 |     2 |       ||     3
Invok: Curse Item        |       |       |       |     7 |     2 ||     9
  Use: Potion            |     1 |     3 |     2 |     2 |     4 ||    12
       Scroll            |       |       |       |     8 |     1 ||     9
 Stab: Invisible         |       |       |       |    11 |       ||    11
       Held in net/web   |       |       |       |     3 |       ||     3
Armor: Scale mail        |    55 |    24 |     8 |       |       ||    87
       Skin              |       |     1 |       |       |       ||     1
       Chain mail        |       |       |   126 |   203 |   295 ||   624
Dodge: Dodged            |    50 |    21 |    92 |   210 |   558 ||   931
Block: Buckler           |    22 |    10 |    54 |    86 |   234 ||   406

Table legend: (Time is in decaauts)
 A = Elapsed time spent in this place.
 B = Non-inter-level travel time spent in this place.
 C = Inter-level travel time spent in this place.
 D = Time resting spent in this place.
 E = Time spent auto-exploring this place.
 F = Levels seen in this place.
 G = Mean time per level.
                   A        B        C        D        E       F      G
               +--------+--------+--------+--------+--------+-----+--------+
         Total |  23716 |  22360 |   1356 |   4358 |  12797 |  23 | 1031.1 |
       Dungeon |  12124 |  11076 |   1048 |   1563 |   7265 |  11 | 1102.2 |
        Temple |    366 |    357 |      9 |      0 |    304 |   1 |  366.0 |
          Lair |   7720 |   7476 |    244 |   1540 |   4361 |   6 | 1286.7 |
  Orcish Mines |   1328 |   1274 |     54 |    191 |    596 |   2 |  664.0 |
        Bailey |    711 |    711 |      0 |    560 |      2 |   1 |  711.0 |
      Ice Cave |   1112 |   1112 |      0 |    503 |    217 |   1 | 1112.0 |
       Volcano |    352 |    352 |      0 |      0 |     51 |   1 |  352.0 |
               +--------+--------+--------+--------+--------+-----+--------+

Top non-repeatable levels by time:
  Lair:6: 2295 daAuts
    D:10: 1896 daAuts
  Lair:4: 1578 daAuts
  Lair:1: 1318 daAuts
     D:5: 1316 daAuts
     D:4: 1280 daAuts
     D:7: 1163 daAuts
     D:3: 1132 daAuts
   IceCv: 1112 daAuts
     D:1: 1078 daAuts
     D:6: 1042 daAuts
     D:9: 1006 daAuts
  Lair:3: 937 daAuts
     D:8: 842 daAuts
  Lair:5: 828 daAuts
